 Dungeon Crawl Stone Soup version 0.28-a0-1080-g05a166d0ed (webtiles) character file.

Game seed: 2150917719112645737

25 mainiacjoe the Firebug (level 3, 0/26 HPs)
             Began as a Hill Orc Fire Elementalist on Dec 9, 2021.
             Succumbed to an adder's poison
             ... on level 2 of the Dungeon.
             The game lasted 00:03:38 (1077 turns).

mainiacjoe the Firebug (Hill Orc Fire Elementalist) Turns: 1077, Time: 00:03:38

Health: 0/26       AC:  2    Str: 10    XL:     3   Next: 6%
Magic:  1/5        EV: 12    Int: 17    God:
Gold:   20         SH:  0    Dex: 11    Spells: 2/5 levels left

rFire   . . .      SeeInvis +   a - +0 mace
rCold   . . .      Faith    .   (no shield)
rNeg    . . .      Spirit   .   g - +0 robe
rPois   .          Reflect  .   (no helmet)
rElec   .          Harm     .   (no cloak)
rCorr   .          Rampage  .   (no gloves)
Will    .....                   (no boots)
Stlth   ++........              (no amulet)
HPRegen 0.08/turn               h - ring of see invisible
MPRegen 0.09/turn               (no ring)

@: lethally poisoned (0 -> -1), flying
A: no striking features
a: no special abilities


You were on level 2 of the Dungeon.
You visited 1 branch of the dungeon, and saw 2 of its levels.

You collected 20 gold pieces.

Inventory:

Hand Weapons
 a - a +0 mace (weapon)
 f - a +0 whip
Missiles
 b - 7 poisoned darts
 e - 23 stones (quivered)
 l - 21 bolts
Armour
 g - a +0 robe (worn)
Jewellery
 h - a ring of see invisible (left hand)
Scrolls
 c - a scroll of identify
 i - 2 scrolls of teleportation {unknown}
 j - a scroll of magic mapping {unknown}
Potions
 d - a potion of invisibility


   Skills:
 - Level 1.5 Dodging
 - Level 1.5 Stealth
 + Level 1.7 Spellcasting
 - Level 2.0 Conjurations
 - Level 4.0 Fire Magic


You had 2 spell levels left.
You knew the following spells:

 Your Spells              Type           Power      Damage    Failure   Level
a - Foxfire               Conj/Fire      44%        2x1d6     6%          1
b - Scorch                Fire           30%        2d6       6%          2

Your spell library contained the following spells:

 Spells                   Type           Power      Damage    Failure   Level
 Conjure Flame            Conj/Fire      11%        6-21      17%         3
 Inner Flame              Hex/Fire       8%         N/A       26%         3
 Flame Wave               Conj/Fire      11%        2d5       50%         4


Dungeon Overview and Level Annotations

Branches:
Dungeon (2/15)

Altars:


Message History

You are poisoned.
The adder poisons you! The adder barely misses you.
You hit the adder but do no damage.
The adder is severely wounded.
You feel sick. The adder bites you.
You are more poisoned.
The adder poisons you!
You are too injured to fight recklessly!
You barely miss the adder.
The adder is severely wounded.
You feel very sick. The adder barely misses you. The adder bites you.
* * * LOW HITPOINT WARNING * * *
You sock the adder!
You kill the adder!
* * * LOW HITPOINT WARNING * * *
You feel sick.
Your magical contamination has completely faded away.
Training target 2.0 for Conjurations reached!
Your Conjurations skill increases to level 2!
You need to enable at least one skill for training.
You have reached level 3!
Your experience leads to an increase in your attributes!
Increase (S)trength, (I)ntelligence, or (D)exterity?
You feel clever. x2
There is a lethal amount of poison in your body!
Okay, then.
It was a potion of flight.
You feel very buoyant.
You fly up into the air.
* * * LOW HITPOINT WARNING * * *
You feel sick.
There is a lethal amount of poison in your body!
* * * LOW HITPOINT WARNING * * *
You feel sick.
* * * LOW HITPOINT WARNING * * *
You feel sick.
* * * LOW HITPOINT WARNING * * *
You feel sick.
You die...

.. .# ..# .#
.... .. #....
##. ...##..
#...(# # #
#.#.#..###.#...
#.....@..$..>##
#.............#
#.##.>.##......
##### #!#.. ..
..


There were no monsters in sight!

Vanquished Creatures
  An adder (D:2)
  A ball python (D:1)
  A bat (D:1)
  An endoplasm (D:1)
  2 hobgoblins (D:1)
  3 kobolds (D:1)
  2 quokkas
  2 frilled lizards (D:1)
  2 rats (D:1)
15 creatures vanquished.

Vanquished Creatures (others)
  32 foxfires
32 creatures vanquished.

Grand Total: 47 creatures vanquished

Notes
Turn   | Place    | Note
-------+----------+-------------------------------------------
     0 | D:1      | mainiacjoe the Hill Orc Fire Elementalist began the quest
                  | for the Orb.
     0 | D:1      | Reached XP level 1. HP: 14/14 MP: 3/3
   576 | D:1      | Reached XP level 2. HP: 20/20 MP: 1/4
   579 | D:1      | Learned a level 2 spell: Scorch
   629 | D:1      | Reached skill level 4 in Fire Magic
  1073 | D:2      | Reached XP level 3. HP: 5/26 MP: 1/5
  1075 | D:2      | HP: 1/26 [poisoned by an adder]
  1077 | D:2      | Succumbed to an adder's poison

Illustrated notes

Levels and vault maps discovered:
D:1:      nicolae_arrival_somewhat_less_tricky_arrival, layout_loops_ring,
          nrook_mini_vaults, grunt_decor_clamped
D:2:      kennysheep_big_flooded_room, layout_rooms,
          shapermc_ecumenical_altar_pompeii, minivault_23, nicolae_wormholes,
          uniq_natasha

Skill      XL: |  1  2 |
---------------+-------+-----
Fire Magic     | 4 |  4.0
Conjurations   | 2 |  2.0
Dodging        | |  1.5
Stealth        | |  1.5
Spellcasting   | |  1.7

Action                   || total
-------------------------++-------
Melee: Mace              ||     6
Throw: Dart              ||     3
       Stone             ||     4
 Cast: Foxfire           ||    20
  Use: Scroll            ||     1
       Potion            ||     1
Dodge: Dodged            ||    10

Table legend: (Time is in decaauts)
 A = Elapsed time spent in this place.
 B = Non-inter-level travel time spent in this place.
 C = Inter-level travel time spent in this place.
 D = Time resting spent in this place.
 E = Time spent auto-exploring this place.
 F = Levels seen in this place.
 G = Mean time per level.
                   A        B        C        D        E       F      G
               +--------+--------+--------+--------+--------+-----+--------+
         Total |   1078 |   1056 |     22 |     27 |    894 |   2 |  539.0 |
       Dungeon |   1078 |   1056 |     22 |     27 |    894 |   2 |  539.0 |
               +--------+--------+--------+--------+--------+-----+--------+

Top non-repeatable levels by time:
     D:1: 1060 daAuts
     D:2: 17 daAuts
